 Dungeon Crawl Stone Soup version 0.18-a0-993-g4a3b7c7 (webtiles) character file.

27626 tof the Covert (level 13, -7/96 HPs)
             Began as a Demonspawn Assassin on Jan 3, 2016.
             Was a High Priest of Dithmenos.
             Mangled by Rupert
             ... wielding a +2 great mace of protection
              (23 damage)
             ... on level 7 of the Lair of Beasts on Jan 4, 2016.
             The game lasted 01:45:18 (18627 turns).

tof the Covert (Demonspawn Assassin)               Turns: 18627, Time: 01:45:18

Health: -7/96      AC: 16    Str:  9    XL:     13   Next: 5%
Magic:  0/14       EV: 22    Int: 12    God:    Dithmenos [*****.]
Gold:   679        SH:  0    Dex: 21    Spells: 1 memorised, 13 levels left

rFire  . . .     SeeInvis +     a - +2 short sword (venom)
rCold  . . .     Gourm    .     d - +1 troll leather armour
rNeg   . . .     Faith    .     (no shield)
rPois  +         Spirit   +     (helmet restricted)
rElec  .         Dismiss  .     s - +2 cloak {MR+}
rCorr  +         Reflect  .     w - +0 pair of gloves
SustAt .         Harm     .     g - +2 pair of boots "Kuwnu" {rPois}
MR     +....     Rnd*Tele +     P - amulet of resist corrosion (curse)
Stlth  +++++++++.               L - +5 ring of slaying
                                x - ring of stealth

@: wreathed by umbra, somewhat resistant to hostile enchantments, incredibly
stealthy
A: fangs 1, horns 2, slimy green scales 2, see invisible, demonic guardian 1,
regeneration 1, teleportitis 1, weak 1, magic shield, magic regeneration, magic
link
a: Shadow Step, Shadow Form, Renounce Religion


You were on level 7 of the Lair of Beasts.
You worshipped Dithmenos.
Dithmenos was extremely pleased with you.
You were not hungry.

You visited 3 branches of the dungeon, and saw 17 of its levels.

You collected 855 gold pieces.
You spent 176 gold pieces at shops.

Inventory:

Hand Weapons
 a - a +2 short sword of venom (weapon)
 b - a +0 blowgun
 G - a +4 dagger
 X - a +2 eveningstar
Missiles
 t - 6 curare-tipped needles
 M - 10 poisoned needles
Armour
 d - a +1 troll leather armour (worn)
 g - the +2 pair of boots "Kuwnu" (worn) {rPois}
   (You found it on level 8 of the Dungeon)

   It protects you from poison.
 s - a +2 cloak of magic resistance (worn)
 w - a +0 pair of gloves (worn)
 D - a +0 robe of cold resistance
Jewellery
 e - an uncursed ring of poison resistance
 x - a ring of stealth (left hand)
 B - a +1 ring of protection
 L - a +5 ring of slaying (right hand)
 P - a cursed amulet of resist corrosion (around neck)
Wands
 C - a wand of heal wounds (3/9)
 I - a wand of lightning (13/15)
 O - a wand of frost (29/48)
 S - a wand of teleportation (5/9)
Scrolls
 i - a scroll of identify
 l - 8 scrolls of teleportation
 p - a scroll of fear
 r - a scroll of recharging
 A - 8 scrolls of remove curse
 J - 2 scrolls of amnesia {unknown}
 N - 4 scrolls of random uselessness {unknown}
 Q - 2 scrolls of magic mapping
 R - 2 scrolls of blinking {unknown}
 W - a scroll of torment {unknown}
Potions
 c - a potion of haste {unknown}
 h - 6 potions of curing
 j - a potion of flight
 k - a potion of ambrosia {unknown}
 m - 3 potions of degeneration {unknown}
 n - 2 potions of brilliance {unknown}
 o - 3 potions of magic {unknown}
 u - 4 potions of agility
 H - 3 potions of heal wounds
Books
 q - a book of Cantrips

   Spells                             Type                      Level
   a - Corona                         Hexes                        1
   b - Animate Skeleton               Necromancy                   1
   c - Summon Small Mammal            Summoning                    1
   d - Apportation                    Translocation                1
 F - a book of Envenomations

   Spells                             Type                      Level
   a - Spider Form                    Transmutation/Poison         3
   b - Alistair's Intoxication        Transmutation/Poison         4
   c - Olgreb's Toxic Radiance        Poison                       4
   d - Poisonous Cloud                Conjuration/Poison/Air       6
 U - a book of the Earth

   Spells                             Type                      Level
   a - Leda's Liquefaction            Hexes/Earth                  4
   b - Bolt of Magma                  Conjuration/Fire/Earth       5
   c - Statue Form                    Transmutation/Earth          6
   d - Iron Shot                      Conjuration/Earth            6
   e - Shatter                        Earth                        9
Miscellaneous
 K - a plain deck of wonders
Comestibles
 f - 18 fruits
 v - 8 meat rations
 y - 7 beef jerkies
 z - 12 bread rations
 E - a slice of pizza
 T - a royal jelly
 V - 3 chunks of flesh


   Skills:
 + Level 7.0 Fighting
 + Level 8.3 Short Blades
 * Level 1.2 Maces & Flails
 + Level 6.0 Throwing
 + Level 3.3 Armour
 * Level 11.4 Dodging
 + Level 12.2 Stealth
 + Level 1.2 Spellcasting
 * Level 3.9 Translocations
 + Level 1.8 Invocations
 + Level 0.8 Evocations


You had 13 spell levels left.
You knew the following spells:

 Your Spells              Type           Power        Failure   Level  Hunger
a - Apportation           Tloc           ##........   10%         1    ##.....


Dungeon Overview and Level Annotations

Branches:
Dungeon (9/15)             Temple (0/1) D:6            Lair (7/8) D:9
  Swamp (0/4) Lair:5       Spider (0/4) Lair:4        Slime (1/6) Lair:7
    Orc: D:9-12

Altars:
Dithmenos
Elyvilon
Fedhas
Gozag
Makhleb
Nemelex Xobeh
Okawaru
Pakellas
Qazlal
Trog
Vehumet
Yredelemnul
Jiyva

Shops:
D:7 *

Annotations:
D:2 Crazy Yiuf
D:5 MordorOrchid's ghost, amateur OpCj
Lair:7 Rupert


Innate Abilities, Weirdness & Mutations

You have a pair of horns on your head.
You are mostly covered in slimy green scales (AC +3).
A weak demonic guardian rushes to your aid.
When hurt, damage is shared between your health and your magic reserves.
You regenerate magic rapidly.
When low on magic, you restore magic in place of health.
You have very sharp teeth.
You have supernaturally acute eyesight.
Your natural rate of healing is unusually fast.
You are occasionally teleported next to monsters.
You are weak. (Str -2)


Message History

Rupert is severely wounded.
Rupert barely misses you.
You puncture Rupert! Your headbutt misses Rupert.
Rupert is severely wounded.
Rupert hits you with a great mace of protection!!
* * * LOW HITPOINT WARNING * * *
Your iron imp misses Rupert.
Rupert hits your ufetubus with a great mace of protection!!
Your ufetubus dies!
Your iron imp barely misses Rupert.
Rupert rages.
Your iron imp disappears in a puff of smoke!
There is a stone staircase leading up here.
Rupert rages.
Your ufetubus barely misses Rupert.
Your ufetubus hits Rupert but does no damage.
Rupert hits your ufetubus with a great mace of protection!
Your ufetubus dies!
Rupert hits you with a great mace of protection!!
You die...

#.J.#.......###.#.÷.÷###
######....### ###..†÷.##
###.>.# ##P..... ###..##
######. (..## #.... ....#
#...( #...# ##.... #...#
#..).. ##@# ######.....
#.@# #...#.(.†..
#..######.......... ###
###...##.......P...[.
#...#..#......P.......#..
.#..........<.P........##.
#.............P.<..........
P.......###................
.......#. #................


You could see Rupert (berserk).

Vanquished Creatures
  Maud (Lair:7)
  7 hydras
  Pikel (D:6)
  A griffon (Lair:4)
  An oklob plant (Lair:3)
  2 black mambas
  Maurice (D:8)
  8 spiny frogs
  6 komodo dragons
  2 fire drakes
  4 orc warriors
  A troll (D:9)
  7 slime creatures
  8 blink frogs
  2 wyverns
  A basilisk (Lair:2)
  A human (D:7)
  14 yaks
  5 hippogriffs
  A hungry ghost (D:8)
  5 wolves (Lair:1)
  Menkaure (D:5)
  Edmund (D:6)
  5 swamp worms (Lair:1)
  7 water moccasins
  4 ice beasts
  2 orc priests (D:6)
  10 porcupines
  2 black bears
  An eye of draining (D:8)
  3 sky beasts
  2 ogres
  2 phantoms
  3 centaurs
  13 crocodiles
  7 giant frogs
  5 killer bees (D:8)
  4 wights (D:8)
  A centaur zombie (D:7)
  A crimson imp (D:8)
  2 hounds
  A jelly (D:5)
  3 orc wizards
  A giant frog skeleton (D:8)
  5 iguanas
  4 hell rats (Lair:1)
  3 worker ants
  A killer bee zombie (D:8)
  22 sheep
  A hound skeleton (D:5)
  4 adders
  64 river rats
  3 shadow imps
  An adder zombie (D:7)
  3 adder skeletons
  15 worms
  6 giant geckos
  41 orcs
  2 ball pythons
  14 bats
  4 giant cockroaches
  6 goblins
  10 hobgoblins
  7 jackals
  A giant gecko skeleton (D:8)
  6 giant newts
  A jackal skeleton (D:7)
  A jackal zombie (D:7)
  8 kobolds
  22 rats
  A spectral orc (D:4)
  A fungus (Lair:2)
  2 plants
419 creatures vanquished.

Vanquished Creatures (collateral kills)
  A yak (Lair:7)
1 creature vanquished.

Vanquished Creatures (others)
  4 slaves (D:6)
  An orc priest (D:6)
  An orc wizard (D:6)
  An orc (D:6)
  A bush (Lair:1)
  4 fungi
  2 plants (Lair:1)
  4 toadstools (D:1)
18 creatures vanquished.

Grand Total: 438 creatures vanquished

Notes
Turn   | Place    | Note
--------------------------------------------------------------
     0 | D:1      | tof the Demonspawn Assassin began the quest for the Orb.
     0 | D:1      | Reached XP level 1. HP: 16/16 MP: 1/1
   145 | D:1      | Gained mutation: When hurt, damage is shared between your health and your magic reserves. [demonic ancestry]
   145 | D:1      | Reached XP level 2. HP: 20/22 MP: 2/2
   216 | D:1      | Reached skill level 4 in Stealth
   605 | D:1      | Reached XP level 3. HP: 27/27 MP: 3/3
   650 | D:1      | Found an opulent altar of Gozag.
   850 | D:2      | Found a blossoming altar of Fedhas.
  1168 | D:2      | Noticed Crazy Yiuf
  1591 | D:2      | Reached skill level 1 in Dodging
  2107 | D:3      | Found a shadowy altar of Dithmenos.
  2111 | D:3      | Became a worshipper of Dithmenos the Shadowed
  2440 | D:3      | Reached XP level 4. HP: 33/33 MP: 4/4
  2466 | D:3      | Noticed a sky beast
  2474 | D:3      | Killed a sky beast
  2474 | D:3      | Reached skill level 5 in Stealth
  2474 | D:3      | Gained mutation: You are partially covered in slimy green scales (AC +2). [demonic ancestry]
  2474 | D:3      | Reached XP level 5. HP: 37/39 MP: 5/5
  2478 | D:3      | Gained mutation: You are mostly covered in slimy green scales (AC +3). [mutagenic meat]
  2479 | D:3      | Gained mutation: You are weak. (Str -2) [mutagenic meat]
  2480 | D:3      | Gained mutation: You have very sharp teeth. [mutagenic meat]
  2882 | D:3      | Reached * piety under Dithmenos
  4001 | D:4      | Found an oddly glowing altar of Pakellas.
  4024 | D:4      | Found a basalt altar of Yredelemnul.
  4090 | D:4      | Noticed an ogre
  4103 | D:4      | Killed an ogre
  4103 | D:4      | Reached skill level 6 in Stealth
  4103 | D:4      | Reached XP level 6. HP: 46/46 MP: 6/6
  4986 | D:4      | Found a radiant altar of Vehumet.
  5510 | D:5      | Entered Level 5 of the Dungeon
  5703 | D:5      | Noticed Menkaure
  5878 | D:5      | Noticed MordorOrchid's ghost (amateur OpCj)
  6260 | D:5      | Killed Menkaure
  6260 | D:5      | Gained mutation: You have a pair of small horns on your head. [demonic ancestry]
  6260 | D:5      | Reached XP level 7. HP: 37/51 MP: 4/7
  6612 | D:6      | Noticed Edmund
  6644 | D:6      | Killed Edmund
  6779 | D:6      | Noticed Pikel
  6798 | D:6      | Killed Pikel
  6798 | D:6      | Reached skill level 7 in Stealth
  6798 | D:6      | Gained mutation: You regenerate magic rapidly. [demonic ancestry]
  6798 | D:6      | Reached XP level 8. HP: 22/60 MP: 1/8
  7004 | D:6      | Noticed an orc warrior
  7034 | D:6      | Reached skill level 5 in Dodging
  7162 | D:6      | Killed an orc warrior
  7415 | D:6      | Found a staircase to the Ecumenical Temple.
  7618 | D:6      | Found a stormy altar of Qazlal.
  8216 | D:7      | Reached ** piety under Dithmenos
  8405 | D:7      | Gained mutation: You have a pair of horns on your head. [demonic ancestry]
  8405 | D:7      | Reached XP level 9. HP: 41/66 MP: 6/9
  8725 | D:7      | Found Mamaabla's General Store.
  8733 | D:7      | Bought a potion of heal wounds for 65 gold pieces
  8733 | D:7      | Bought a potion of heal wounds for 65 gold pieces
  8733 | D:7      | Bought 6 curare-tipped needles for 46 gold pieces
  9195 | D:7      | Reached skill level 8 in Stealth
  9254 | D:7      | Gained mutation: You have a pair of large horns on your head. [potion of mutation]
  9254 | D:7      | Gained mutation: You expend magic power (3 MP) to strengthen your wands. [potion of mutation]
  9255 | D:7      | Lost mutation: You expend magic power (3 MP) to strengthen your wands. [potion of mutation]
  9255 | D:7      | Gained mutation: Your body sometimes deteriorates upon taking damage. [potion of mutation]
  9255 | D:7      | Gained mutation: Your natural rate of healing is unusually fast. [potion of mutation]
  9256 | D:7      | Lost mutation: You have a pair of large horns on your head. [potion of mutation]
  9256 | D:7      | Gained mutation: You are robust (+10% HP). [potion of mutation]
  9257 | D:7      | Gained mutation: You are occasionally teleported next to monsters. [potion of mutation]
  9257 | D:7      | Gained mutation: You are dopey. (Int -2) [potion of mutation]
  9257 | D:7      | Lost mutation: You are dopey. (Int -2) [potion of mutation]
  9405 | D:8      | Reached skill level 1 in Armour
  9666 | D:8      | Reached skill level 5 in Fighting
  9685 | D:8      | Noticed Maurice
  9701 | D:8      | Killed Maurice
  9701 | D:8      | Gained mutation: When low on magic, you restore magic in place of health. [demonic ancestry]
  9701 | D:8      | Reached XP level 10. HP: 81/81 MP: 10/10
  9720 | D:8      | Found an iron altar of Okawaru.
  9720 | D:8      | Found a burning altar of Makhleb.
  9738 | D:8      | Reached skill level 9 in Stealth
  9747 | D:8      | Found a bloodstained altar of Trog.
  9774 | D:8      | Found an opulent altar of Gozag.
  9855 | D:8      | Found a sparkling altar of Nemelex Xobeh.
  9926 | D:8      | Gained mutation: You have supernaturally acute eyesight. [mutagenic meat]
  9930 | D:8      | Lost mutation: You are robust (+10% HP). [mutagenic meat]
 10016 | D:8      | Found a white marble altar of Elyvilon.
 10240 | D:8      | Got a pair of dazzling boots
 10246 | D:8      | Identified the +2 pair of boots "Kuwnu" {rPois} (You found it on level 8 of the Dungeon)
 10297 | D:8      | Lost mutation: Your body sometimes deteriorates upon taking damage. [mutagenic meat]
 10653 | D:8      | Reached *** piety under Dithmenos
 10851 | D:9      | Reached skill level 5 in Throwing
 11336 | D:9      | Found a staircase to the Lair.
 11354 | Lair:1   | Entered Level 1 of the Lair of Beasts
 11379 | Lair:1   | Reached skill level 10 in Stealth
 11457 | Lair:1   | Reached skill level 5 in Short Blades
 11470 | Lair:1   | Noticed a spiny frog
 11478 | Lair:1   | Killed a spiny frog
 11528 | Lair:1   | Reached **** piety under Dithmenos
 12046 | Lair:1   | Reached XP level 11. HP: 81/81 MP: 11/11
 12533 | Lair:1   | Upgraded the game from 0.18-a0-987-g0b0e4e7 to 0.18-a0-993-g4a3b7c7
 12563 | Lair:2   | Reached skill level 1 in Invocations
 14049 | Lair:3   | Reached skill level 11 in Stealth
 14449 | Lair:3   | Noticed an oklob plant
 14592 | Lair:3   | Killed an oklob plant
 14905 | Lair:4   | Reached ***** piety under Dithmenos
 14958 | Lair:4   | Found a hole to the Spider Nest.
 14978 | Lair:4   | Noticed a griffon
 15009 | Lair:4   | Noticed an eight-headed hydra
 15071 | Lair:4   | Killed an eight-headed hydra
 15152 | Lair:4   | Killed a griffon
 15402 | Lair:4   | Noticed a five-headed hydra
 15433 | Lair:4   | Found a basalt altar of Yredelemnul.
 15434 | Lair:4   | Killed a five-headed hydra
 15434 | Lair:4   | Reached skill level 10 in Dodging
 15452 | Lair:4   | Learned a level 1 spell: Apportation
 15511 | Lair:4   | Reached XP level 12. HP: 89/89 MP: 13/13
 15573 | Lair:4   | Reached skill level 1 in Spellcasting
 16001 | Lair:5   | Noticed a four-headed hydra
 16012 | Lair:5   | Reached skill level 1 in Translocations
 16066 | Lair:5   | Killed a four-headed hydra
 16494 | Lair:5   | Found a staircase to the Swamp.
 17028 | Lair:6   | Noticed an eight-headed hydra
 17073 | Lair:6   | Killed an eight-headed hydra
 17471 | Lair:6   | Noticed a six-headed hydra
 17514 | Lair:6   | Killed a six-headed hydra
 18044 | Lair:7   | Noticed Maud
 18054 | Lair:7   | Killed Maud
 18054 | Lair:7   | Reached skill level 12 in Stealth
 18114 | Lair:7   | Found a runed door.
 18115 | Lair:7   | Found a viscous altar of Jiyva.
 18122 | Lair:7   | Found a staircase to the Slime Pits.
 18141 | Slime:1  | Entered Level 1 of the Pits of Slime
 18186 | Lair:7   | Noticed a five-headed hydra
 18197 | Lair:7   | Noticed a six-headed hydra
 18201 | Lair:7   | Killed a six-headed hydra
 18201 | Lair:7   | Reached skill level 1 in Maces & Flails
 18327 | Lair:7   | Noticed Rupert
 18387 | Lair:7   | Killed a five-headed hydra
 18387 | Lair:7   | Gained mutation: A weak demonic guardian rushes to your aid. [demonic ancestry]
 18387 | Lair:7   | Reached XP level 13. HP: 67/96 MP: 10/14
 18627 | Lair:7   | Mangled by Rupert

Vault maps used:
D:1:      ldierk_walled_garden_2, kennysheep_flooded_box, st_stairs_9
D:2:      kennysheep_big_flooded_room, nicolae_overflow_crystal_walls,
          uniq_crazy_yiuf_cottage
D:3:      lemuel_crystal_altar, first_bread, minmay_misc_feat_enclosed
D:4:      yredelemnul_forgotten_temple_becter, grunt_pakellas_mercury,
          kennysheep_little_box, due_unseen_surprise
D:5:      serial_bayou_ford_a, uniq_menkaure
D:6:      lemuel_doored_altar, minmay_temple_entry_trees,
          corexii_leaking_fountain, uniq_pikel, uniq_edmund
D:7:      serial_shops, nicolae_shop_statue_plus, grunt_livestock
D:8:      grunt_temple_overflow_cloverleaf, lemuel_coloured_pillars_altar,
          nemelex_deck, uniq_maurice
D:9:      due_megacathedral, grunt_lair_entry_orc_guard_hut
Lair:1:   kennysheep_abandoned_house, worms_lemuel, lemuel_fruit_tree
Lair:2:   serial_bayou_shore_b
Lair:3:   minmay_lair_oklob_chamber, grunt_forest_small_clearing_treed,
          grunt_megastairs_3, lemuel_fruit_fields
Lair:4:   spider_nest_entry_web_field, basic_altar, grunt_megastairs_1
Lair:5:   swamp_mist
Lair:6:   grunt_megastairs_5
Lair:7:   slime_altar_2, cheibrodos_lair_caveside_slide, uniq_maud, uniq_rupert

Action                   |  1- 3 |  4- 6 |  7- 9 | 10-12 | 13-15 || total
-------------------------+-------+-------+-------+-------+-------++-------
Melee: Dagger            |   155 |   180 |   379 |    96 |       ||   810
       Short sword       |       |       |       |   662 |    35 ||   697
       Eveningstar       |       |       |       |    14 |       ||    14
 Fire: Blowgun           |     3 |    42 |    32 |    72 |     6 ||   155
 Cast: Apportation       |       |       |       |     6 |       ||     6
Invok: Shadow Step       |       |       |     1 |     5 |       ||     6
Evoke: Wand              |       |       |     3 |       |       ||     3
  Use: Scroll            |       |       |    11 |     5 |       ||    16
       Potion            |       |       |     7 |     1 |       ||     8
 Stab: Sleeping          |    16 |     8 |    10 |    96 |       ||   130
       Distracted        |       |     1 |     2 |     9 |       ||    12
  Eat: Bread ration      |     1 |     1 |       |       |       ||     2
       Chunk             |       |    10 |     7 |    24 |     1 ||    42
       Beef jerky        |       |     1 |       |       |       ||     1
       Pizza             |       |     1 |       |     8 |       ||     9
       Fruit             |       |       |     2 |       |       ||     2
